 Dungeon Crawl Stone Soup version 0.22-a0-458-gb446440d2e (webtiles) character file.

161 Anathary the Sneak (level 5, -2/35 HPs)
             Began as an Octopode Assassin on June 8, 2018.
             Was an Initiate of Gozag.
             Slain by a gnoll
             ... wielding a +0 spear
              (11 damage)
             ... on level 3 of the Dungeon.
             The game lasted 00:12:11 (2147 turns).

Anathary the Sneak (Octopode Assassin)              Turns: 2147, Time: 00:12:15

Health: -2/35      AC:  1    Str: 10    XL:     5   Next: 42%
Magic:  5/5        EV: 13    Int: 14    God:    Gozag
Gold:   332        SH:  0    Dex: 14    Spells: 4/4 levels left

rFire    . . .     SeeInvis .   r - +0 rapier (curse)
rCold    . . .     Gourm    .   (no shield)
rNeg     . . .     Faith    .   (helmet restricted)
rPois    .         Spirit   .   i - amulet of magic regeneration
rElec    .         Reflect  .   l - ring of wizardry
rCorr    .         Harm     .   (no ring)
MR       .....                  (no ring)
Stlth    +++++.....             (no ring)
HPRegen  0.11/turn              (no ring)
MPRegen  0.34/turn              (no ring)
                                (no ring)
                                (no ring)

@: gold aura
A: almost no armour, stealthy swim, amphibious, 8 rings, constrict 8, camouflage
1, gelatinous body 1
a: Potion Petition, Call Merchant, Bribe Branch, Renounce Religion


You were on level 3 of the Dungeon.
You worshipped Gozag.
Gozag was aware of your devotion.
You were hungry.

You visited 1 branch of the dungeon, and saw 3 of its levels.

You collected 369 gold pieces.
You paid 37 gold pieces to Gozag.

Inventory:

Hand Weapons
 a - a +2 dagger
 b - a +0 blowgun
 r - a cursed +0 rapier (weapon)
Missiles
 c - 31 poisoned needles
 d - 2 curare-tipped needles
Jewellery
 i - an amulet of magic regeneration (around mantle)
 j - an uncursed amulet of rage
 l - a ring of wizardry (left tentacle)
 u - an uncursed ring of ice {unknown}
Wands
 k - a wand of polymorph (12)
Scrolls
 e - a scroll of immolation {unknown}
 h - 3 scrolls of fear {unknown}
 n - 4 scrolls of identify {unknown}
 p - 2 scrolls of remove curse {unknown}
 s - a scroll of amnesia {unknown}
 t - a scroll of teleportation {unknown}
Potions
 g - a potion of brilliance {unknown}
 m - 2 potions of curing {unknown}
 o - a potion of might {unknown}
 q - a potion of invisibility {unknown}
Comestibles
 f - 6 rations


   Skills:
 + Level 2.5 Fighting
 + Level 2.9 Short Blades
 - Level 2.0 Throwing
 + Level 1.3 Dodging
 * Level 7.9 Stealth


You had 4 spell levels left.
You didn't know any spells.
Your spell library was empty.

Dungeon Overview and Level Annotations

Branches:
Dungeon (3/15)

Altars:
Gozag

Annotations:
D:3 NoiZ's ghost, amateur OpAs


Innate Abilities, Weirdness & Mutations

You cannot wear most types of armour.
You are very stealthy in the water. (Stealth+)
You are amphibious.
You can wear up to eight rings at the same time.
You can use your tentacles to constrict eight enemies at once.
Your skin changes colour to match your surroundings (Stealth+).
Your rubbery body absorbs attacks. (AC +1, EV +1)


Message History

The bat closely misses you. The bat barely misses you.
The gnoll hits you from afar with a spear.
* * * LOW HITPOINT WARNING * * *
The bat barely misses you.
You hit the bat.
You kill the bat!
The gnoll hits you from afar with a spear.
* * * LOW HITPOINT WARNING * * *
You hit the gnoll. You grab the gnoll.
The gnoll is heavily wounded.
You constrict the gnoll, but do no damage.
The gnoll closely misses you. The gnoll barely misses you.
You hit the gnoll but do no damage.
The gnoll is heavily wounded.
You constrict the gnoll.
You are feeling hungry.
The gnoll completely misses you. The gnoll closely misses you.
The gnoll hits you from afar with a spear!
You die...
Your body crumbles into a pile of gold.

.## ..## ( ...##.. ...
....... #.> ......#
#..# ....# #..#
######g...#
....###..####...@gg...#
....##...#....####....#
....##.....#### ......#
##........## .##...#
#......#...#####.# ##.#
#..##....#...##.. .#
#........###.##.# .
......#...##.##.# .
.##....#.(......#


You could see 3 gnolls.

Vanquished Creatures
  Jessica (D:3)
  A gnoll (D:3)
  4 adders
  An ooze (D:2)
  2 worms (D:2)
  A dart slug (D:2)
  7 leopard geckos
  An orc (D:3)
  5 giant cockroaches
  8 hobgoblins
  7 jackals
  A quokka (D:3)
  6 bats
  5 frilled lizards
  6 goblins
  8 kobolds
  6 rats
70 creatures vanquished.

Notes
Turn   | Place    | Note
-------+----------+-------------------------------------------
     0 | D:1      | Anathary the Octopode Assassin began the quest for the Orb.
     0 | D:1      | Reached XP level 1. HP: 14/14 MP: 1/1
   201 | D:1      | Reached skill level 6 in Stealth
   201 | D:1      | Reached XP level 2. HP: 17/19 MP: 2/2
   655 | D:1      | Reached XP level 3. HP: 24/24 MP: 3/3
  1051 | D:2      | Found an opulent altar of Gozag.
  1056 | D:2      | Became a worshipper of Gozag Ym Sagoz the Greedy
  1177 | D:2      | Reached skill level 7 in Stealth
  1177 | D:2      | Reached XP level 4. HP: 22/29 MP: 4/4
  1914 | D:3      | Reached XP level 5. HP: 31/35 MP: 5/5
  2111 | D:3      | Noticed NoiZ's ghost (amateur OpAs)
  2136 | D:3      | Noticed Jessica
  2142 | D:3      | Killed Jessica
  2147 | D:3      | Slain by a gnoll

Vault maps used:
D:1:      elethiomel_arrival_infinity_welcomes_careful_drivers
D:2:      nicolae_gozag_cash_rules_everything_around_me
D:3:      marbit_many_paths, first_ration, solitary_fountain, minivault_19,
          uniq_jessica, uniq_robin

Skill      XL: |  1  2  3 |
---------------+----------+-----
Stealth        | 6 7 |  7.9
Fighting       | |  2.5
Short Blades   | |  2.9
Throwing       | |  2.0
Dodging        | |  1.3

Action                   |  1- 3 |  4- 6 || total
-------------------------+-------+-------++-------
Melee: Dagger            |    69 |    20 ||    89
       Constrict         |    16 |    19 ||    35
       Tentacles         |     8 |     8 ||    16
       Rapier            |       |    41 ||    41
Invok: Potion Petition   |       |     1 ||     1
 Stab: Sleeping          |    14 |     7 ||    21
       Distracted        |     1 |       ||     1
  Eat: Ration            |     1 |       ||     1
Armor: Skin              |       |     8 ||     8
Dodge: Dodged            |    31 |    40 ||    71

Table legend:
 A = Spawn XP
 B = Non-spawn XP
 C = Spawn XP percentage of total XP
 D = Spawn monster count
 E = Non-spawn monster count
 F = Spawn count percentage of total count
 G = Total turns spent on level
                    A         B        C        D         E        F      G
               +---------+---------+-------+---------+---------+-------+---------
         Total |       0 |     231 |   0.0 |       0 |      70 |   0.0 |  2147
               +---------+---------+-------+---------+---------+-------+---------
           D:1 |       0 |      48 |   0.0 |       0 |      27 |   0.0 |   955
           D:2 |       0 |      88 |   0.0 |       0 |      25 |   0.0 |   894
           D:3 |       0 |      95 |   0.0 |       0 |      18 |   0.0 |   298
               +---------+---------+-------+---------+---------+-------+---------
